 Dungeon Crawl Stone Soup version 0.19-a0-1608-g4cf22de (webtiles) character file.

313 Amnesiac the Charlatan (level 6, -1/43 HPs)
             Began as a Mummy Artificer on Sept 17, 2016.
             Slain by an ice beast (4 damage)
             ... on level 4 of the Dungeon.
             The game lasted 00:04:07 (2947 turns).

Amnesiac the Charlatan (Mummy Artificer)            Turns: 2947, Time: 00:04:08

Health: -1/43      AC:  3    Str: 15    XL:     6   Next: 19%
Magic:  10/10      EV: 12    Int: 10    God:
Gold:   68         SH:  0    Dex: 15    Spells: 0 memorised, 5 levels left

rFire  x . .     SeeInvis .     a - +0 short sword
rCold  + . .     Gourm    .     b - +0 leather armour
rNeg   + + +     Faith    .     (no shield)
rPois  ∞         Spirit   .     (no helmet)
rElec  .         Dismiss  .     (no cloak)
rCorr  .         Reflect  .     (no gloves)
MR     .....     Harm     .     (no boots)
Stlth  +.........               (no amulet)
                                (no ring)
                                (no ring)

@: no status effects
A: no food or potions, fire vulnerability, cold resistance 1, negative energy
resistance 3, torment resistance, unbreathing
a: no special abilities


You were on level 4 of the Dungeon.
You were not hungry.

You visited 1 branch of the dungeon, and saw 4 of its levels.

You collected 68 gold pieces.

Inventory:

Hand Weapons
 a - a +0 short sword (weapon)
Armour
 b - a +0 leather armour (worn)
Wands
 c - a wand of flame (3/48)
 d - a wand of enslavement (11/24)
 e - a wand of random effects (0/48)
Scrolls
 f - 2 scrolls of identify {unknown}
 g - 2 scrolls of teleportation {unknown}
 h - a scroll of magic mapping {unknown}
 i - a scroll of amnesia {unknown}
 j - a scroll of blinking {unknown}
 k - a scroll of fear {unknown}


   Skills:
 - Level 1.0 Fighting
 - Level 0.7 Short Blades
 - Level 1.5 Dodging
 - Level 0.7 Stealth
 + Level 5.8 Evocations


You had 5 spell levels left.
You didn't know any spells.

Dungeon Overview and Level Annotations

Branches:
Dungeon (4/15)
 Temple: D:4-7

Altars:

Annotations:
D:4 Dowan, Duvessa


Innate Abilities, Weirdness & Mutations

You do not eat or drink.
Your flesh is vulnerable to fire.
You are immune to poison.
Your flesh is cold resistant. (rC+)
You are immune to negative energy. (rN+++)
You are immune to unholy pain and torment.
You can survive without breathing.


Message History

The ice beast hits you. The ice beast freezes you. You resist.
You hit the ice beast.
The ice beast is severely wounded.
The ice beast hits you. The ice beast freezes you. You resist.
* * * LOW HITPOINT WARNING * * *
You hit the ice beast but do no damage.
The ice beast is severely wounded.
The ice beast hits you.
* * * LOW HITPOINT WARNING * * *
The ice beast freezes you. You resist.
* * * LOW HITPOINT WARNING * * *
You can't drink.
Unknown command.
Evoke which item? (* to show all) (? for menu, Esc to quit)
Zapping:
c - a wand of flame (4/48)
Press: ? - help, Shift-Dir - straight line, f/p - ice beast
Aim: an ice beast (severely wounded)
The puff of flame misses the ice beast.
This wand has 3 charges left.
The ice beast hits you.
You die...

#. ####.###
#......# #......#
###### #......#
#.PP... #......#
...≈≈≈.
#.....<###..≈≈≈≈.
#.....@Y...§§≈≈≈≈
.##
#######.###.≈≈≈≈P
.... #.# P....
..P..############.#
..##
..........†......>#
.#
P...##.####...P..#
# . #...##.≈≈≈≈.#
#...##P≈≈≈≈..#
#.....≈≈≈≈≈....


You could see an ice beast.

Vanquished Creatures
  A sky beast (D:3)
  A howler monkey (D:4)
  A bullfrog zombie (D:4)
  A bullfrog skeleton (D:4)
  A centaur skeleton (D:4)
  6 adders
  An adder skeleton (D:4)
  A worm (D:2)
  3 leopard geckos
  An orc (D:3)
  A ball python (D:3)
  3 giant cockroaches
  A goblin (D:2)
  7 hobgoblins
  3 jackals (D:4)
  A quokka (D:3)
  2 bats
  3 kobolds (D:3)
  5 rats
43 creatures vanquished.

Vanquished Creatures (others)
  An adder (D:3)
1 creature vanquished.

Grand Total: 44 creatures vanquished

Notes
Turn   | Place    | Note
-------+----------+-------------------------------------------
     0 | D:1      | Amnesiac the Mummy Artificer began the quest for the Orb.
     0 | D:1      | Reached XP level 1. HP: 15/15 MP: 2/2
   181 | D:2      | Found a faded altar of an unknown god.
   193 | D:2      | Reached XP level 2. HP: 13/21 MP: 4/4
   199 | D:2      | Reached skill level 3 in Evocations
   523 | D:3      | Reached XP level 3. HP: 4/26 MP: 5/5
  1021 | D:3      | Noticed a sky beast
  1066 | D:3      | Killed a sky beast
  1066 | D:3      | Reached skill level 4 in Evocations
  1066 | D:3      | Reached XP level 4. HP: 12/32 MP: 5/7
  1066 | D:3      | Reached XP level 5. HP: 14/37 MP: 5/8
  1440 | D:3      | Reached skill level 5 in Evocations
  1936 | D:4      | Noticed Duvessa
  1949 | D:4      | Noticed Dowan
  1951 | D:4      | Noticed an ice beast
  2218 | D:4      | Noticed an ogre
  2756 | D:4      | Reached XP level 6. HP: 28/43 MP: 10/10
  2947 | D:4      | Slain by an ice beast

Vault maps used:
D:1:      dpeg_arrival_chase
D:2:      gammafunk_temple_overflow_pools, kennysheep_okawaru_gauntlet,
          ecumenical_altar_2, uniq_sigmund
D:4:      serial_undead, serial_undead_b, serial_undead_f, serial_undead_f,
          serial_undead_f, first_bread, uniq_duvessa

Skill      XL: |  1  2  3  4  5 |
---------------+----------------+-----
Evocations     | 3 4 5 |  5.8
Fighting       | |  1.0
Short Blades   | |  0.7
Dodging        | |  1.5
Stealth        | |  0.7

Action                   |  1- 3 |  4- 6 || total
-------------------------+-------+-------++-------
Melee: Short sword       |    94 |   156 ||   250
Evoke: Wand              |    21 |    10 ||    31
Armor: Leather armour    |    24 |    29 ||    53
Dodge: Dodged            |    66 |   133 ||   199
